[ AOE2 MATCH · #483380403 ]
UnrankedHindustanis vs Khmer
[ REPLAY ANALYSIS · EXTRACTED FROM THE RECORDED GAME ]
Feudal
15:21
Castle
20:01
Imperial
30:02
| APM avg | 18.0 |
| APM peak | 47 |
| eAPM avg | 10.1 |
| Villagers / military | 62 / 38 |
Focus
⚔️ 26.3% · 🌾 73.7%
Camel Scout ×33 · Fishing Ship ×5 · Trebuchet (Packed) ×3 · Monk ×2
Feudal
—
Castle
—
Imperial
—
| APM avg | 13.4 |
| APM peak | 41 |
| eAPM avg | 9.4 |
| Villagers / military | 28 / 0 |
Focus
⚔️ 35.3% · 🌾 64.7%
Fishing Ship ×7
Feudal
18:12
Castle
22:40
Imperial
—
| APM avg | 24.5 |
| APM peak | 42 |
| eAPM avg | 15.2 |
| Villagers / military | 108 / 18 |
Focus
⚔️ 20.5% · 🌾 79.5%
Fishing Ship ×7 · Battering Ram ×5 · Battle Elephant ×5 · Petard ×4 · Knight ×3 · Ballista Elephant ×1
Feudal
14:27
Castle
18:15
Imperial
44:12
| APM avg | 37.0 |
| APM peak | 80 |
| eAPM avg | 15.8 |
| Villagers / military | 106 / 86 |
Focus
⚔️ 19.4% · 🌾 80.6%
Mameluke ×85 · Fishing Ship ×13 · Mangonel ×1
Feudal
13:27
Castle
17:28
Imperial
36:39
| APM avg | 37.1 |
| APM peak | 78 |
| eAPM avg | 14.6 |
| Villagers / military | 95 / 74 |
Focus
⚔️ 27.2% · 🌾 72.8%
Conquistador ×73 · Fishing Ship ×10 · Trebuchet (Packed) ×1
Feudal
10:52
Castle
20:14
Imperial
32:44
| APM avg | 30.4 |
| APM peak | 56 |
| eAPM avg | 19.0 |
| Villagers / military | 140 / 197 |
Focus
⚔️ 42.8% · 🌾 57.2%
Leitis ×185 · Fire Galley ×8 · Fishing Ship ×6 · Unknown (2626) ×6 · Trebuchet (Packed) ×3 · Monk ×1
Feudal
14:38
Castle
24:10
Imperial
37:20
| APM avg | 29.3 |
| APM peak | 56 |
| eAPM avg | 18.5 |
| Villagers / military | 98 / 126 |
Focus
⚔️ 22.8% · 🌾 77.2%
Composite Bowman ×55 · Fishing Ship ×29 · Militia ×28 · Spearman ×19 · Galley ×16 · Battering Ram ×6
Feudal
14:20
Castle
37:06
Imperial
—
| APM avg | 32.9 |
| APM peak | 63 |
| eAPM avg | 20.1 |
| Villagers / military | 158 / 4 |
Focus
⚔️ 19.9% · 🌾 80.1%
Fishing Ship ×7 · Scorpion ×4
Match map
Initial resources + every placement click. Lines = walls · curves = elevation contours. ◆ gold · ⬟ stone · ● berries · ✦ relic · ◌ wall gap
Your base· Open — unwalled flank
Sasori's base· Open — unwalled flank
860's base· Open — 3t gap
taj's base· Open — 12t gap
_Suko_'s base· Open — 9t gap
老狐狸's base· Open — 3t gap
Pr3dator's base· Open — 14t gap
xianhuoyan's base· Open — 2t gap
Smoothed initial terrain · ◌ = detected wall gap · hover for details
Inputs per minute
— marsupoil3232 - - Sasori
Build order — marsupoil3232
First 150 of 190 actions detected
| 0:29 | Build | Town Center |
| 1:24 | Build | House |
| 1:25 | Build | House |
| 2:55 | Create | Villager (Male) |
| 2:56 | Create | Villager (Male) |
| 2:56 | Create | Villager (Male) |
| 2:56 | Create | Villager (Male) |
| 4:29 | Research | Loom |
| 4:50 | Create | Villager (Male) |
| 5:27 | Create | Villager (Male) |
| 5:31 | Create | Villager (Male) |
| 5:36 | Create | Villager (Male) |
| 5:40 | Create | Villager (Male) |
| 5:40 | Create | Villager (Male) |
| 6:23 | Create | Villager (Male) |
| 6:23 | Create | Villager (Male) |
| 6:46 | Create | Villager (Male) |
| 7:50 | Create | Villager (Male) |
| 7:58 | Build | House |
| 8:01 | Build | House |
| 8:41 | Create | Villager (Male) |
| 8:42 | Create | Villager (Male) |
| 8:42 | Create | Villager (Male) |
| 8:42 | Create | Villager (Male) |
| 8:43 | Create | Villager (Male) |
| 8:56 | Build | House |
| 9:18 | Create | Villager (Male) |
| 9:36 | Create | Villager (Male) |
| 10:00 | Build | Dock |
| 10:28 | Create | Villager (Male) |
| 10:42 | Build | Mill |
| 10:56 | Create | Villager (Male) |
| 10:57 | Create | Villager (Male) |
| 11:00 | Create | Fishing Ship |
| 11:00 | Create | Fishing Ship |
| 11:23 | Create | Fishing Ship |
| 11:45 | Create | Fishing Ship |
| 12:09 | Create | Fishing Ship |
| 12:39 | Build | Mining Camp |
| 13:02 | Build | Lumber Camp |
| 13:04 | Research | Feudal Age |
| 14:02 | Create | Villager (Male) |
| 14:02 | Create | Villager (Male) |
| 14:02 | Create | Villager (Male) |
| 14:02 | Create | Villager (Male) |
| 14:15 | Build | Barracks |
| 14:18 | Build | Palisade Wall |
| 15:12 | Build | House |
| 15:14 | Build | House |
| 15:21 | Age | Feudal Age |
| 15:31 | Build | Blacksmith |
| 16:17 | Build | Stable |
| 17:03 | Build | Farm |
| 17:04 | Build | Farm |
| 17:14 | Research | Castle Age |
| 17:35 | Build | Mining Camp |
| 18:07 | Research | Double-Bit Axe |
| 18:08 | Research | Horse Collar |
| 18:24 | Research | Wheelbarrow |
| 18:32 | Research | Stone Mining |
| 18:35 | Create | Villager (Male) |
| 18:35 | Create | Villager (Male) |
| 18:36 | Create | Villager (Male) |
| 18:39 | Create | Villager (Male) |
| 18:40 | Create | Villager (Male) |
| 18:56 | Build | Palisade Wall |
| 19:14 | Build | Lumber Camp |
| 19:30 | Build | Farm |
| 19:31 | Build | Farm |
| 20:01 | Age | Castle Age |
| 20:15 | Create | Villager (Male) |
| 20:15 | Create | Villager (Male) |
| 20:22 | Build | Farm |
| 21:24 | Research | Bow Saw |
| 21:25 | Research | Heavy Plow |
| 21:32 | Research | Gold Mining |
| 21:37 | Create | Villager (Male) |
| 21:52 | Build | Farm |
| 22:00 | Build | Castle |
| 22:10 | Build | Farm |
| 22:34 | Build | Farm |
| 22:43 | Research | Scale Mail Armor |
| 22:43 | Research | Forging |
| 22:45 | Research | Squires |
| 22:45 | Research | Arson |
| 23:09 | Build | Farm |
| 23:25 | Research | Bloodlines |
| 23:25 | Research | Husbandry |
| 23:37 | Build | Farm |
| 23:48 | Build | Farm |
| 23:57 | Build | Stable |
| 23:59 | Build | Stable |
| 24:09 | Build | Farm |
| 24:11 | Create | Villager (Male) |
| 24:11 | Create | Villager (Male) |
| 24:12 | Create | Villager (Male) |
| 24:21 | Build | Farm |
| 24:44 | Build | Farm |
| 25:08 | Build | Farm |
| 25:32 | Build | Market |
| 25:35 | Build | Palisade Wall |
| 25:48 | Build | Farm |
| 25:55 | Build | Farm |
| 26:52 | Research | Imperial Age |
| 26:57 | Create | Camel Scout |
| 26:57 | Create | Camel Scout |
| 26:58 | Create | Camel Scout |
| 27:12 | Create | Camel Scout |
| 27:22 | Create | Camel Scout |
| 27:22 | Create | Camel Scout |
| 27:23 | Create | Camel Scout |
| 27:23 | Create | Camel Scout |
| 27:46 | Build | Monastery |
| 27:56 | Research | Scale Barding Armor |
| 28:03 | Create | Camel Scout |
| 28:14 | Create | Camel Scout |
| 28:15 | Create | Camel Scout |
| 28:19 | Create | Camel Scout |
| 28:26 | Create | Camel Scout |
| 28:40 | Create | Camel Scout |
| 28:49 | Create | Camel Scout |
| 28:58 | Build | House |
| 28:59 | Build | House |
| 29:00 | Build | House |
| 29:01 | Build | House |
| 29:02 | Build | House |
| 29:03 | Build | House |
| 29:04 | Build | House |
| 29:05 | Build | House |
| 29:12 | Create | Camel Scout |
| 29:13 | Create | Camel Scout |
| 29:23 | Create | Monk |
| 29:35 | Create | Monk |
| 30:02 | Age | Imperial Age |
| 30:02 | Create | Villager (Male) |
| 30:02 | Create | Villager (Male) |
| 30:03 | Create | Villager (Male) |
| 30:06 | Create | Trebuchet (Packed) |
| 30:47 | Create | Trebuchet (Packed) |
| 31:23 | Research | Heavy Camel Rider (upgrade) |
| 31:45 | Create | Trebuchet (Packed) |
| 33:24 | Create | Villager (Male) |
| 33:24 | Create | Villager (Male) |
| 33:25 | Create | Villager (Male) |
| 33:25 | Create | Villager (Male) |
| 33:25 | Create | Villager (Male) |
| 33:26 | Create | Villager (Male) |
| 33:34 | Create | Camel Scout |
| 33:34 | Create | Camel Scout |
| 33:35 | Create | Camel Scout |
Build order — Sasori
55 actions detected in the replay
| 0:20 | Build | Town Center |
| 1:13 | Build | Palisade Wall |
| 2:00 | Build | Dock |
| 2:05 | Build | House |
| 2:53 | Create | Villager (Male) |
| 2:54 | Create | Villager (Male) |
| 3:01 | Build | House |
| 3:25 | Create | Villager (Male) |
| 3:25 | Create | Villager (Male) |
| 3:26 | Create | Villager (Male) |
| 3:26 | Create | Villager (Male) |
| 4:22 | Create | Fishing Ship |
| 4:22 | Create | Fishing Ship |
| 4:51 | Create | Fishing Ship |
| 5:04 | Create | Villager (Male) |
| 5:04 | Create | Villager (Male) |
| 5:28 | Create | Fishing Ship |
| 5:51 | Build | House |
| 5:58 | Create | Fishing Ship |
| 6:16 | Create | Villager (Male) |
| 6:23 | Build | House |
| 6:48 | Create | Fishing Ship |
| 6:54 | Create | Villager (Male) |
| 6:55 | Create | Villager (Male) |
| 7:18 | Create | Fishing Ship |
| 7:24 | Create | Villager (Male) |
| 7:46 | Create | Villager (Male) |
| 8:27 | Create | Villager (Male) |
| 8:48 | Create | Villager (Male) |
| 9:12 | Research | Loom |
| 9:56 | Build | Town Center |
| 10:33 | Build | Palisade Wall |
| 10:54 | Create | Villager (Male) |
| 10:55 | Create | Villager (Male) |
| 11:34 | Create | Villager (Male) |
| 12:08 | Create | Villager (Male) |
| 12:32 | Create | Villager (Male) |
| 12:39 | Build | House |
| 13:08 | Create | Villager (Male) |
| 13:36 | Create | Villager (Male) |
| 14:03 | Create | Villager (Male) |
| 14:16 | Create | Villager (Male) |
| 15:18 | Create | Villager (Male) |
| 15:46 | Build | Town Center |
| 16:04 | Build | Mining Camp |
| 16:35 | Build | Town Center |
| 16:42 | Build | Town Center |
| 16:50 | Build | Palisade Wall |
| 16:52 | Build | Palisade Wall |
| 18:18 | Create | Villager (Male) |
| 18:18 | Create | Villager (Male) |
| 18:19 | Create | Villager (Male) |
| 19:14 | Build | Lumber Camp |
| 25:48 | Build | Lumber Camp |
| 29:47 | Build | Town Center |
Build order — 860
First 150 of 247 actions detected
| 0:15 | Build | Town Center |
| 1:01 | Build | Dock |
| 1:09 | Build | House |
| 1:12 | Build | Palisade Wall |
| 1:14 | Build | Palisade Wall |
| 2:22 | Build | Palisade Wall |
| 2:39 | Create | Villager (Male) |
| 2:40 | Create | Villager (Male) |
| 2:48 | Create | Villager (Male) |
| 3:00 | Create | Villager (Male) |
| 3:03 | Build | House |
| 3:11 | Research | Loom |
| 3:14 | Create | Villager (Male) |
| 3:30 | Create | Villager (Male) |
| 3:52 | Create | Villager (Male) |
| 4:28 | Create | Fishing Ship |
| 4:34 | Build | House |
| 4:47 | Build | House |
| 5:16 | Create | Fishing Ship |
| 5:50 | Create | Villager (Male) |
| 6:16 | Create | Fishing Ship |
| 6:26 | Build | House |
| 6:30 | Create | Villager (Male) |
| 6:44 | Build | House |
| 6:54 | Create | Villager (Male) |
| 7:25 | Create | Villager (Male) |
| 7:43 | Create | Villager (Male) |
| 7:45 | Create | Fishing Ship |
| 8:14 | Create | Villager (Male) |
| 8:16 | Create | Fishing Ship |
| 8:28 | Create | Villager (Male) |
| 8:41 | Build | House |
| 8:47 | Create | Fishing Ship |
| 9:04 | Create | Villager (Male) |
| 9:21 | Create | Villager (Male) |
| 9:25 | Build | Mill |
| 9:59 | Create | Villager (Male) |
| 10:25 | Create | Villager (Male) |
| 10:26 | Create | Villager (Male) |
| 11:06 | Create | Villager (Male) |
| 11:40 | Create | Villager (Male) |
| 11:47 | Create | Fishing Ship |
| 12:27 | Build | House |
| 12:54 | Build | Town Center |
| 13:21 | Build | House |
| 13:31 | Create | Villager (Male) |
| 13:32 | Create | Villager (Male) |
| 14:07 | Create | Villager (Male) |
| 14:18 | Create | Villager (Male) |
| 14:22 | Build | House |
| 14:28 | Build | House |
| 15:09 | Build | Mill |
| 15:11 | Create | Villager (Male) |
| 15:19 | Build | Mining Camp |
| 15:37 | Create | Villager (Male) |
| 15:59 | Research | Feudal Age |
| 15:59 | Research | Feudal Age |
| 16:31 | Build | Farm |
| 16:32 | Build | Farm |
| 16:33 | Build | Farm |
| 16:35 | Build | Farm |
| 16:40 | Build | Lumber Camp |
| 17:38 | Build | Barracks |
| 18:05 | Create | Villager (Male) |
| 18:05 | Create | Villager (Male) |
| 18:12 | Age | Feudal Age |
| 18:43 | Build | Blacksmith |
| 18:55 | Build | Stable |
| 19:00 | Build | Palisade Wall |
| 19:10 | Create | Villager (Male) |
| 19:10 | Create | Villager (Male) |
| 19:17 | Research | Double-Bit Axe |
| 19:29 | Research | Horse Collar |
| 19:43 | Research | Castle Age |
| 20:00 | Build | House |
| 20:00 | Build | House |
| 20:15 | Research | Horse Collar |
| 21:48 | Build | Gate |
| 22:03 | Build | Stable |
| 22:09 | Create | Villager (Male) |
| 22:09 | Create | Villager (Male) |
| 22:40 | Age | Castle Age |
| 22:54 | Build | Town Center |
| 23:07 | Research | Bow Saw |
| 23:13 | Research | Husbandry |
| 23:14 | Research | Bloodlines |
| 23:19 | Research | Forging |
| 23:20 | Research | Scale Barding Armor |
| 23:44 | Create | Villager (Male) |
| 23:52 | Build | Castle |
| 24:06 | Build | Siege Workshop |
| 24:11 | Create | Villager (Male) |
| 24:17 | Create | Knight |
| 24:17 | Create | Knight |
| 24:22 | Create | Battle Elephant |
| 24:27 | Create | Villager (Male) |
| 24:40 | Create | Villager (Male) |
| 25:10 | Create | Battering Ram |
| 25:36 | Build | Gate |
| 25:42 | Build | Stone Wall |
| 25:49 | Create | Villager (Male) |
| 25:50 | Create | Villager (Male) |
| 26:01 | Build | Town Center |
| 26:16 | Create | Villager (Male) |
| 26:17 | Create | Villager (Male) |
| 26:32 | Create | Villager (Male) |
| 26:43 | Create | Villager (Male) |
| 26:47 | Build | Farm |
| 26:49 | Build | Farm |
| 26:51 | Build | Farm |
| 26:55 | Build | Farm |
| 26:56 | Build | Farm |
| 26:58 | Create | Villager (Male) |
| 27:06 | Research | Heavy Plow |
| 27:13 | Create | Villager (Male) |
| 27:24 | Create | Villager (Male) |
| 27:26 | Research | Wheelbarrow |
| 27:44 | Create | Villager (Male) |
| 28:09 | Create | Villager (Male) |
| 28:13 | Create | Villager (Male) |
| 28:14 | Create | Villager (Male) |
| 28:16 | Create | Villager (Male) |
| 28:22 | Build | Market |
| 28:25 | Build | House |
| 28:28 | Create | Villager (Male) |
| 28:29 | Create | Villager (Male) |
| 28:31 | Create | Villager (Male) |
| 28:33 | Create | Villager (Male) |
| 28:41 | Research | Gold Mining |
| 28:45 | Build | Farm |
| 28:47 | Build | Farm |
| 28:48 | Create | Villager (Male) |
| 28:49 | Create | Villager (Male) |
| 28:52 | Create | Battering Ram |
| 29:01 | Build | Farm |
| 29:03 | Create | Villager (Male) |
| 29:06 | Build | Farm |
| 29:09 | Create | Villager (Male) |
| 29:13 | Build | Farm |
| 29:15 | Build | Farm |
| 29:18 | Build | Farm |
| 29:19 | Build | Farm |
| 29:22 | Create | Villager (Male) |
| 29:23 | Create | Villager (Male) |
| 29:34 | Create | Battering Ram |
| 29:37 | Create | Villager (Male) |
| 29:55 | Create | Battle Elephant |
| 30:11 | Create | Villager (Male) |
| 30:12 | Create | Villager (Male) |
| 30:14 | Create | Villager (Male) |
Build order — taj
First 150 of 277 actions detected
| 0:22 | Build | Town Center |
| 1:45 | Build | Dock |
| 1:47 | Build | House |
| 2:53 | Create | Villager (Male) |
| 2:53 | Create | Villager (Male) |
| 2:53 | Create | Villager (Male) |
| 2:54 | Create | Villager (Male) |
| 4:12 | Research | Loom |
| 4:31 | Create | Fishing Ship |
| 4:37 | Build | House |
| 4:44 | Create | Villager (Male) |
| 4:44 | Create | Villager (Male) |
| 5:37 | Create | Fishing Ship |
| 5:48 | Create | Villager (Male) |
| 5:48 | Create | Villager (Male) |
| 6:13 | Create | Villager (Male) |
| 6:13 | Create | Villager (Male) |
| 6:29 | Create | Fishing Ship |
| 7:03 | Create | Villager (Male) |
| 7:03 | Create | Villager (Male) |
| 7:03 | Create | Villager (Male) |
| 7:20 | Build | House |
| 7:42 | Create | Villager (Male) |
| 7:43 | Create | Villager (Male) |
| 7:48 | Create | Fishing Ship |
| 7:50 | Create | Villager (Male) |
| 7:50 | Create | Villager (Male) |
| 7:52 | Build | House |
| 8:19 | Create | Villager (Male) |
| 8:20 | Create | Villager (Male) |
| 8:28 | Create | Fishing Ship |
| 8:59 | Create | Villager (Male) |
| 9:12 | Create | Villager (Male) |
| 9:13 | Create | Fishing Ship |
| 9:18 | Build | House |
| 9:56 | Create | Villager (Male) |
| 10:23 | Create | Villager (Male) |
| 10:42 | Build | Mill |
| 10:44 | Create | Villager (Male) |
| 10:46 | Create | Fishing Ship |
| 11:12 | Create | Villager (Male) |
| 11:13 | Create | Villager (Male) |
| 11:46 | Build | Dock |
| 12:17 | Research | Feudal Age |
| 12:17 | Research | Feudal Age |
| 12:21 | Build | Mining Camp |
| 12:28 | Build | House |
| 12:30 | Create | Fishing Ship |
| 12:57 | Build | House |
| 13:22 | Create | Fishing Ship |
| 14:27 | Age | Feudal Age |
| 14:30 | Build | Market |
| 14:39 | Build | Blacksmith |
| 14:41 | Create | Villager (Male) |
| 14:42 | Create | Villager (Male) |
| 15:13 | Create | Fishing Ship |
| 15:35 | Research | Castle Age |
| 15:47 | Build | Mining Camp |
| 16:17 | Create | Fishing Ship |
| 16:41 | Build | Lumber Camp |
| 17:21 | Research | Stone Mining |
| 17:27 | Research | Double-Bit Axe |
| 18:15 | Age | Castle Age |
| 18:20 | Create | Villager (Male) |
| 18:20 | Create | Villager (Male) |
| 18:20 | Create | Villager (Male) |
| 18:21 | Create | Villager (Male) |
| 19:21 | Build | Castle |
| 19:29 | Create | Villager (Male) |
| 19:29 | Create | Villager (Male) |
| 19:34 | Research | Fletching |
| 19:49 | Create | Villager (Male) |
| 19:50 | Create | Villager (Male) |
| 19:54 | Build | House |
| 20:21 | Create | Villager (Male) |
| 20:21 | Create | Villager (Male) |
| 20:21 | Create | Villager (Male) |
| 20:25 | Build | House |
| 20:49 | Build | Mining Camp |
| 20:50 | Create | Mameluke |
| 20:50 | Create | Mameluke |
| 20:50 | Create | Mameluke |
| 20:51 | Create | Villager (Male) |
| 20:52 | Create | Villager (Male) |
| 20:52 | Create | Villager (Male) |
| 21:01 | Create | Villager (Male) |
| 21:01 | Create | Villager (Male) |
| 21:04 | Build | House |
| 21:37 | Build | House |
| 21:57 | Research | Forging |
| 21:57 | Research | Forging |
| 22:03 | Build | Town Center |
| 22:59 | Create | Villager (Male) |
| 22:59 | Create | Villager (Male) |
| 22:59 | Create | Villager (Male) |
| 23:01 | Build | House |
| 23:02 | Create | Villager (Male) |
| 23:02 | Create | Villager (Male) |
| 23:30 | Create | Mameluke |
| 23:36 | Build | Farm |
| 23:40 | Build | Mining Camp |
| 23:40 | Create | Villager (Male) |
| 23:40 | Create | Villager (Male) |
| 23:43 | Build | House |
| 23:45 | Create | Fishing Ship |
| 23:46 | Create | Fishing Ship |
| 24:00 | Create | Mameluke |
| 24:22 | Create | Mameluke |
| 24:22 | Create | Mameluke |
| 24:25 | Build | Farm |
| 24:50 | Create | Mameluke |
| 24:50 | Create | Mameluke |
| 25:17 | Create | Mameluke ×2 |
| 25:31 | Create | Mameluke |
| 25:36 | Create | Villager (Male) |
| 25:36 | Create | Villager (Male) |
| 25:39 | Build | House |
| 25:59 | Build | Farm |
| 26:00 | Build | Farm |
| 26:01 | Build | Farm |
| 26:02 | Build | Farm |
| 26:18 | Create | Villager (Male) |
| 26:19 | Create | Villager (Male) |
| 26:42 | Build | Farm |
| 26:42 | Create | Villager (Male) |
| 26:49 | Build | Farm |
| 26:51 | Create | Mameluke |
| 26:51 | Create | Mameluke |
| 27:06 | Build | House |
| 27:12 | Create | Villager (Male) |
| 27:12 | Create | Villager (Male) |
| 27:14 | Build | Farm |
| 27:16 | Create | Mameluke |
| 27:24 | Create | Mameluke |
| 27:24 | Create | Mameluke |
| 27:57 | Create | Mameluke ×4 |
| 28:38 | Create | Mameluke ×3 |
| 28:41 | Build | House |
| 28:59 | Build | Castle |
| 29:03 | Create | Mameluke |
| 29:09 | Build | Barracks |
| 29:14 | Create | Mameluke |
| 29:17 | Build | House |
| 29:39 | Research | Scale Barding Armor |
| 29:40 | Create | Villager (Male) |
| 29:40 | Create | Villager (Male) |
| 29:44 | Build | Farm |
| 29:45 | Build | Farm |
| 29:48 | Build | Farm |
| 30:25 | Create | Mameluke ×2 |
Build order — _Suko_
First 150 of 327 actions detected
| 0:11 | Build | Town Center |
| 0:15 | Build | House |
| 1:28 | Build | Dock |
| 2:32 | Create | Villager (Male) |
| 2:38 | Create | Villager (Male) |
| 2:50 | Create | Villager (Male) |
| 2:50 | Create | Villager (Male) |
| 3:26 | Create | Villager (Male) |
| 4:07 | Create | Villager (Male) |
| 4:10 | Build | House |
| 5:01 | Create | Villager (Male) |
| 5:26 | Research | Loom |
| 5:26 | Create | Villager (Male) |
| 5:31 | Create | Fishing Ship |
| 5:43 | Build | House |
| 6:10 | Create | Villager (Male) |
| 6:10 | Create | Villager (Male) |
| 6:10 | Create | Villager (Male) |
| 6:28 | Create | Fishing Ship |
| 6:43 | Create | Villager (Male) |
| 7:02 | Create | Villager (Male) |
| 7:30 | Create | Fishing Ship |
| 7:34 | Build | House |
| 7:39 | Create | Villager (Male) |
| 7:58 | Create | Fishing Ship |
| 8:11 | Create | Villager (Male) |
| 8:15 | Build | House |
| 8:36 | Create | Villager (Male) |
| 8:47 | Create | Fishing Ship |
| 8:59 | Create | Villager (Male) |
| 9:18 | Build | Lumber Camp |
| 9:34 | Create | Villager (Male) |
| 9:56 | Create | Villager (Male) |
| 10:06 | Create | Fishing Ship |
| 10:08 | Create | Villager (Male) |
| 10:35 | Create | Villager (Male) |
| 10:37 | Build | House |
| 11:17 | Research | Feudal Age |
| 11:17 | Research | Feudal Age |
| 11:27 | Create | Fishing Ship |
| 11:33 | Build | House |
| 11:43 | Build | Mining Camp |
| 12:07 | Build | Mill |
| 13:27 | Age | Feudal Age |
| 13:32 | Build | Blacksmith |
| 13:33 | Create | Villager (Male) |
| 13:34 | Create | Villager (Male) |
| 13:50 | Build | Market |
| 13:59 | Create | Villager (Male) |
| 14:18 | Build | House |
| 14:43 | Research | Castle Age |
| 14:49 | Build | Mining Camp |
| 15:11 | Research | Fletching |
| 15:14 | Research | Double-Bit Axe |
| 16:00 | Create | Fishing Ship |
| 16:08 | Research | Padded Archer Armor |
| 17:25 | Create | Villager (Male) |
| 17:28 | Age | Castle Age |
| 17:50 | Create | Villager (Male) |
| 18:05 | Create | Fishing Ship |
| 18:06 | Create | Fishing Ship |
| 18:18 | Build | Castle |
| 18:22 | Create | Villager (Male) |
| 18:22 | Create | Villager (Male) |
| 18:51 | Create | Villager (Male) |
| 19:06 | Create | Conquistador |
| 19:06 | Create | Conquistador |
| 19:07 | Create | Conquistador |
| 19:33 | Create | Villager (Male) |
| 19:54 | Build | Farm |
| 19:55 | Build | Farm |
| 19:56 | Build | Farm |
| 20:00 | Create | Conquistador |
| 20:19 | Research | Bodkin Arrow |
| 20:20 | Create | Villager (Male) |
| 20:53 | Create | Villager (Male) |
| 21:18 | Create | Villager (Male) |
| 21:36 | Create | Villager (Male) |
| 21:43 | Create | Villager (Male) |
| 21:52 | Create | Conquistador |
| 21:52 | Create | Conquistador |
| 21:52 | Create | Conquistador |
| 21:53 | Create | Villager (Male) |
| 21:54 | Create | Villager (Male) |
| 22:11 | Create | Conquistador |
| 22:11 | Create | Villager (Male) |
| 22:29 | Build | Farm |
| 22:29 | Build | Farm |
| 22:30 | Build | Farm |
| 22:30 | Build | Farm |
| 22:31 | Build | Farm |
| 22:37 | Build | Town Center |
| 22:37 | Create | Villager (Male) |
| 22:49 | Create | Conquistador |
| 23:31 | Create | Conquistador |
| 23:31 | Create | Conquistador |
| 23:32 | Create | Villager (Male) |
| 23:48 | Build | Farm |
| 23:48 | Build | Farm |
| 23:53 | Create | Villager (Male) |
| 23:53 | Create | Villager (Male) |
| 24:02 | Build | Farm |
| 24:03 | Build | Farm |
| 24:03 | Build | Farm |
| 24:03 | Build | Farm |
| 24:04 | Build | Farm |
| 24:05 | Build | Farm |
| 24:06 | Build | Farm |
| 24:07 | Build | Farm |
| 24:07 | Build | Farm |
| 24:12 | Build | Barracks |
| 24:14 | Create | Villager (Male) |
| 24:22 | Create | Conquistador |
| 24:46 | Create | Villager (Male) |
| 25:29 | Create | Villager (Male) |
| 25:48 | Create | Conquistador |
| 25:48 | Create | Conquistador |
| 25:49 | Create | Conquistador |
| 25:49 | Create | Villager (Male) |
| 25:49 | Create | Villager (Male) |
| 25:56 | Build | Stable |
| 26:00 | Research | Horse Collar |
| 26:04 | Build | Lumber Camp |
| 26:05 | Create | Villager (Male) |
| 26:17 | Build | House |
| 26:17 | Build | House |
| 26:18 | Build | House |
| 26:19 | Research | Scale Barding Armor |
| 26:20 | Research | Leather Archer Armor |
| 26:46 | Research | Wheelbarrow |
| 26:48 | Build | Farm |
| 26:51 | Build | Farm |
| 26:51 | Build | Farm |
| 26:51 | Build | Farm |
| 26:51 | Build | Farm |
| 26:52 | Build | Farm |
| 26:54 | Build | Farm |
| 26:55 | Create | Villager (Male) |
| 27:05 | Build | Farm |
| 27:07 | Build | Farm |
| 27:08 | Build | Farm |
| 27:19 | Research | Bloodlines |
| 27:33 | Create | Conquistador |
| 27:33 | Create | Conquistador |
| 27:41 | Create | Villager (Male) |
| 28:03 | Create | Villager (Male) |
| 28:06 | Research | Husbandry |
| 28:11 | Build | Farm |
| 28:12 | Build | Farm |
| 28:14 | Build | Farm |
Build order — 老狐狸
First 150 of 488 actions detected
| 0:13 | Build | Town Center |
| 0:53 | Build | House |
| 0:58 | Build | Dock |
| 2:38 | Create | Villager (Male) |
| 2:38 | Create | Villager (Male) |
| 2:38 | Create | Villager (Male) |
| 2:39 | Create | Villager (Male) |
| 2:43 | Create | Villager (Male) |
| 3:00 | Create | Villager (Male) |
| 4:11 | Create | Villager (Male) |
| 4:11 | Create | Villager (Male) |
| 4:25 | Build | House |
| 4:33 | Create | Fishing Ship |
| 4:33 | Create | Fishing Ship |
| 5:02 | Create | Fishing Ship |
| 5:27 | Create | Villager (Male) |
| 5:34 | Create | Villager (Male) |
| 5:57 | Create | Villager (Male) |
| 6:09 | Create | Fishing Ship |
| 6:17 | Build | House |
| 6:35 | Create | Villager (Male) |
| 6:50 | Build | House |
| 7:10 | Create | Villager (Male) |
| 7:25 | Create | Villager (Male) |
| 7:33 | Build | Mining Camp |
| 8:42 | Research | Feudal Age |
| 8:42 | Research | Feudal Age |
| 9:59 | Build | Dock |
| 10:52 | Age | Feudal Age |
| 10:56 | Create | Unit 2626 |
| 10:57 | Create | Unit 2626 |
| 11:05 | Create | Villager (Male) |
| 11:06 | Create | Villager (Male) |
| 11:12 | Build | House |
| 11:20 | Create | Unit 2626 |
| 11:20 | Create | Unit 2626 |
| 11:34 | Create | Villager (Male) |
| 11:50 | Create | Unit 2626 |
| 11:51 | Create | Unit 2626 |
| 12:07 | Create | Villager (Male) |
| 12:13 | Build | Mill |
| 12:14 | Create | Villager (Male) |
| 12:35 | Build | House |
| 12:41 | Create | Villager (Male) |
| 12:41 | Create | Villager (Male) |
| 13:51 | Create | Fire Galley |
| 13:51 | Create | Fire Galley |
| 13:53 | Create | Villager (Male) |
| 13:54 | Create | Villager (Male) |
| 14:03 | Create | Villager (Male) |
| 14:09 | Create | Villager (Male) |
| 14:15 | Build | Market |
| 14:21 | Build | Blacksmith |
| 14:26 | Create | Villager (Male) |
| 14:31 | Build | House |
| 14:57 | Create | Villager (Male) |
| 15:30 | Create | Villager (Male) |
| 15:34 | Build | House |
| 15:42 | Build | House |
| 16:03 | Create | Villager (Male) |
| 16:14 | Build | Lumber Camp |
| 16:19 | Build | House |
| 16:32 | Create | Villager (Male) |
| 17:18 | Create | Villager (Male) |
| 17:34 | Research | Castle Age |
| 17:53 | Build | Mill |
| 17:57 | Research | Double-Bit Axe |
| 17:59 | Create | Villager (Male) |
| 18:10 | Create | Villager (Male) |
| 18:37 | Create | Villager (Male) |
| 18:43 | Build | Dock |
| 18:49 | Create | Villager (Male) |
| 18:54 | Research | Horse Collar |
| 19:07 | Build | Lumber Camp |
| 19:12 | Create | Villager (Male) |
| 19:32 | Create | Fishing Ship |
| 19:32 | Create | Fishing Ship |
| 19:37 | Create | Villager (Male) |
| 20:14 | Age | Castle Age |
| 20:27 | Research | War Galley (upgrade) |
| 20:28 | Create | Villager (Male) |
| 20:29 | Create | Villager (Male) |
| 20:40 | Build | Town Center |
| 20:57 | Build | Town Center |
| 21:06 | Research | Wheelbarrow |
| 21:07 | Create | Villager (Male) |
| 21:15 | Create | Villager (Male) |
| 21:24 | Create | Villager (Male) |
| 21:32 | Research | Bow Saw |
| 21:34 | Create | Villager (Male) |
| 21:36 | Research | Heavy Plow |
| 21:37 | Create | Villager (Male) |
| 21:58 | Create | Villager (Male) |
| 22:09 | Create | Villager (Male) |
| 22:27 | Create | Villager (Male) |
| 22:31 | Create | Villager (Male) |
| 22:37 | Create | Villager (Male) |
| 22:49 | Build | Town Center |
| 22:53 | Research | Loom |
| 22:54 | Create | Villager (Male) |
| 22:58 | Build | Farm |
| 23:01 | Create | Villager (Male) |
| 23:05 | Create | Villager (Male) |
| 23:06 | Create | Villager (Male) |
| 23:06 | Create | Villager (Male) |
| 23:12 | Build | Farm |
| 23:19 | Build | Monastery |
| 23:25 | Create | Villager (Male) |
| 23:30 | Create | Fire Galley |
| 23:31 | Create | Fire Galley |
| 23:46 | Create | Villager (Male) |
| 23:47 | Create | Villager (Male) |
| 23:58 | Build | Farm |
| 23:58 | Build | Farm |
| 23:59 | Build | Farm |
| 23:59 | Build | Farm |
| 23:59 | Build | Farm |
| 24:12 | Build | Farm |
| 24:12 | Create | Villager (Male) |
| 24:16 | Create | Villager (Male) |
| 24:24 | Build | Farm |
| 24:24 | Build | Farm |
| 24:24 | Build | Farm |
| 24:25 | Build | Farm |
| 24:26 | Create | Villager (Male) |
| 24:28 | Create | Villager (Male) |
| 24:28 | Create | Villager (Male) |
| 24:42 | Create | Fire Galley |
| 24:43 | Create | Fire Galley |
| 24:46 | Create | Villager (Male) |
| 24:53 | Create | Villager (Male) |
| 25:12 | Create | Villager (Male) |
| 25:13 | Create | Villager (Male) |
| 25:18 | Create | Villager (Male) |
| 25:23 | Build | Farm |
| 25:23 | Build | Farm |
| 25:23 | Build | Farm |
| 25:24 | Build | Farm |
| 25:24 | Build | Farm |
| 25:28 | Build | Farm |
| 25:29 | Create | Villager (Male) |
| 25:36 | Build | Farm |
| 25:36 | Build | Farm |
| 25:37 | Build | Farm |
| 25:37 | Build | Farm |
| 25:44 | Build | Farm |
| 25:44 | Build | Farm |
| 25:45 | Build | Farm |
| 25:45 | Build | Farm |
| 25:46 | Create | Villager (Male) |
Build order — Pr3dator
First 150 of 349 actions detected
| 0:53 | Build | Town Center |
| 1:36 | Build | Dock |
| 1:55 | Build | House |
| 3:12 | Research | Loom |
| 3:13 | Create | Villager (Male) |
| 3:13 | Create | Villager (Male) |
| 3:13 | Create | Villager (Male) |
| 3:14 | Create | Villager (Male) |
| 4:47 | Create | Fishing Ship |
| 5:35 | Create | Villager (Male) |
| 6:04 | Create | Villager (Male) |
| 6:18 | Build | House |
| 6:27 | Create | Villager (Male) |
| 6:56 | Create | Villager (Male) |
| 7:14 | Create | Villager (Male) |
| 7:15 | Create | Villager (Male) |
| 7:19 | Build | House |
| 7:48 | Create | Fishing Ship |
| 8:12 | Create | Fishing Ship |
| 8:27 | Create | Fishing Ship |
| 8:54 | Build | House |
| 9:06 | Create | Villager (Male) |
| 9:21 | Create | Fishing Ship |
| 9:49 | Create | Villager (Male) |
| 9:49 | Create | Villager (Male) |
| 10:21 | Build | Palisade Wall |
| 10:25 | Build | Palisade Gate |
| 10:36 | Build | Palisade Gate |
| 10:39 | Create | Fishing Ship |
| 10:42 | Create | Villager (Male) |
| 10:54 | Create | Villager (Male) |
| 11:17 | Create | Villager (Male) |
| 11:21 | Build | Mill |
| 11:23 | Create | Villager (Male) |
| 11:36 | Build | House |
| 11:37 | Build | House |
| 11:40 | Build | House |
| 11:43 | Build | House |
| 11:50 | Build | Palisade Wall |
| 11:57 | Create | Villager (Male) |
| 12:13 | Create | Fishing Ship |
| 12:13 | Create | Fishing Ship |
| 12:28 | Research | Feudal Age |
| 12:41 | Create | Fishing Ship |
| 13:16 | Build | Mule Cart |
| 14:22 | Build | Dock |
| 14:35 | Create | Villager (Male) |
| 14:38 | Age | Feudal Age |
| 14:40 | Research | Double-Bit Axe |
| 14:58 | Create | Villager (Male) |
| 14:58 | Create | Villager (Male) |
| 15:29 | Build | Watch Tower |
| 15:43 | Create | Villager (Male) |
| 16:01 | Build | Mule Cart |
| 16:11 | Create | Galley |
| 16:14 | Create | Galley |
| 16:15 | Create | Galley |
| 16:25 | Research | Town Watch |
| 16:30 | Create | Villager (Male) |
| 16:31 | Create | Villager (Male) |
| 16:51 | Create | Galley |
| 17:09 | Build | Mule Cart |
| 17:24 | Create | Villager (Male) |
| 17:57 | Create | Galley |
| 17:58 | Create | Galley |
| 18:00 | Create | Galley |
| 18:00 | Create | Galley |
| 18:12 | Create | Villager (Male) |
| 18:13 | Create | Villager (Male) |
| 18:58 | Build | Blacksmith |
| 19:01 | Create | Villager (Male) |
| 19:19 | Create | Galley |
| 19:23 | Create | Galley |
| 19:24 | Create | Galley |
| 19:50 | Build | Market |
| 19:53 | Research | Fletching |
| 21:07 | Create | Fishing Ship |
| 21:07 | Create | Fishing Ship |
| 21:12 | Create | Fishing Ship |
| 21:13 | Create | Fishing Ship |
| 21:30 | Research | Castle Age |
| 21:33 | Build | House |
| 21:34 | Build | House |
| 21:34 | Build | House |
| 21:35 | Build | House |
| 22:03 | Research | Tech 906 |
| 22:07 | Create | Fishing Ship |
| 22:36 | Build | Dock |
| 22:51 | Research | Stone Mining |
| 22:57 | Create | Fishing Ship |
| 23:47 | Build | House |
| 24:10 | Age | Castle Age |
| 24:15 | Research | Gillnets |
| 24:17 | Research | War Galley (upgrade) |
| 24:24 | Create | Villager (Male) |
| 24:24 | Create | Villager (Male) |
| 24:24 | Create | Villager (Male) |
| 24:24 | Create | Villager (Male) |
| 24:25 | Create | Villager (Male) |
| 24:25 | Create | Villager (Male) |
| 24:34 | Research | Bodkin Arrow |
| 24:55 | Create | Villager (Male) |
| 25:01 | Build | Town Center |
| 25:04 | Create | Villager (Male) |
| 25:24 | Research | Bow Saw |
| 25:33 | Create | Unit 2626 |
| 25:37 | Create | Galley |
| 25:43 | Create | Villager (Male) |
| 25:49 | Create | Galley |
| 26:12 | Create | Villager (Male) |
| 26:41 | Create | Unit 2626 |
| 26:44 | Create | Unit 2626 |
| 26:49 | Create | Villager (Male) ×5 |
| 27:14 | Create | Unit 2626 |
| 27:47 | Create | Villager (Male) |
| 27:47 | Create | Villager (Male) |
| 27:52 | Build | Town Center |
| 27:56 | Research | Horse Collar |
| 28:00 | Research | Wheelbarrow |
| 28:19 | Create | Fishing Ship |
| 28:19 | Create | Fishing Ship |
| 28:20 | Create | Fishing Ship |
| 28:23 | Create | Fishing Ship |
| 28:23 | Create | Fishing Ship |
| 28:23 | Create | Fishing Ship |
| 28:31 | Create | Galley |
| 28:31 | Create | Galley |
| 28:37 | Create | Villager (Male) |
| 28:38 | Create | Villager (Male) |
| 28:51 | Build | Monastery |
| 28:54 | Create | Villager (Male) ×2 |
| 28:59 | Build | House |
| 28:59 | Build | House |
| 29:00 | Build | House |
| 29:00 | Build | House |
| 29:26 | Research | Heavy Plow |
| 29:26 | Research | Heavy Plow |
| 29:31 | Create | Monk |
| 29:36 | Create | Warrior Priest |
| 29:45 | Build | Farm |
| 29:46 | Build | Farm |
| 29:46 | Build | Farm |
| 29:47 | Build | Farm |
| 29:47 | Build | Farm |
| 29:49 | Build | Farm |
| 29:50 | Build | Farm |
| 29:50 | Build | Farm |
| 29:52 | Build | Farm |
| 29:53 | Build | Farm |
| 29:54 | Build | Farm |
Build order — xianhuoyan
First 150 of 238 actions detected
| 0:11 | Build | Town Center |
| 0:15 | Build | House |
| 1:48 | Build | Dock |
| 2:39 | Create | Villager (Male) |
| 2:39 | Create | Villager (Male) |
| 2:39 | Create | Villager (Male) |
| 2:40 | Create | Villager (Male) |
| 2:40 | Create | Villager (Male) |
| 3:03 | Research | Loom |
| 3:10 | Create | Villager (Male) |
| 3:10 | Create | Villager (Male) |
| 3:10 | Create | Villager (Male) |
| 3:11 | Create | Villager (Male) |
| 4:24 | Create | Villager (Male) |
| 4:24 | Create | Villager (Male) |
| 5:05 | Build | House |
| 5:30 | Create | Villager (Male) |
| 5:30 | Create | Villager (Male) |
| 5:30 | Create | Villager (Male) |
| 5:30 | Create | Villager (Male) |
| 6:14 | Create | Villager (Male) |
| 6:14 | Create | Villager (Male) |
| 6:15 | Create | Villager (Male) |
| 7:10 | Build | House |
| 7:22 | Create | Villager (Male) |
| 7:22 | Create | Villager (Male) |
| 7:23 | Create | Villager (Male) |
| 7:23 | Create | Villager (Male) |
| 8:05 | Build | Mill |
| 8:08 | Create | Villager (Male) |
| 8:08 | Create | Villager (Male) |
| 8:23 | Create | Villager (Male) |
| 8:23 | Create | Villager (Male) |
| 8:24 | Create | Villager (Male) |
| 8:24 | Create | Villager (Male) |
| 8:49 | Create | Villager (Male) |
| 8:49 | Create | Villager (Male) |
| 8:49 | Create | Villager (Male) |
| 8:54 | Create | Villager (Male) |
| 8:54 | Create | Villager (Male) |
| 8:56 | Create | Villager (Male) |
| 8:57 | Create | Villager (Male) |
| 8:59 | Create | Villager (Male) |
| 9:00 | Create | Villager (Male) |
| 9:23 | Create | Villager (Male) |
| 9:23 | Create | Villager (Male) |
| 9:33 | Build | House |
| 9:35 | Create | Villager (Male) |
| 9:36 | Create | Villager (Male) |
| 9:46 | Create | Villager (Male) |
| 9:46 | Create | Villager (Male) |
| 10:05 | Create | Villager (Male) |
| 10:05 | Create | Villager (Male) |
| 10:21 | Build | House |
| 10:22 | Create | Villager (Male) |
| 10:23 | Create | Villager (Male) |
| 10:43 | Build | Mining Camp |
| 10:51 | Create | Villager (Male) |
| 10:51 | Create | Villager (Male) |
| 10:53 | Build | House |
| 10:59 | Create | Villager (Male) |
| 10:59 | Create | Villager (Male) |
| 11:04 | Build | Mining Camp |
| 11:11 | Create | Villager (Male) |
| 11:11 | Create | Villager (Male) |
| 11:20 | Build | House |
| 11:24 | Build | House |
| 11:30 | Build | Palisade Wall |
| 11:44 | Create | Villager (Male) |
| 11:48 | Create | Villager (Male) |
| 11:57 | Research | Feudal Age |
| 12:06 | Build | House |
| 12:18 | Build | House |
| 12:21 | Create | Villager (Male) |
| 12:27 | Create | Villager (Male) |
| 12:41 | Create | Fishing Ship |
| 12:41 | Create | Fishing Ship |
| 12:42 | Create | Fishing Ship |
| 12:55 | Build | Palisade Wall |
| 13:11 | Create | Villager (Male) |
| 13:39 | Build | Palisade Wall |
| 13:42 | Build | Palisade Gate |
| 13:53 | Create | Villager (Male) |
| 14:03 | Create | Villager (Male) |
| 14:16 | Build | Palisade Wall |
| 14:19 | Create | Villager (Male) |
| 14:20 | Age | Feudal Age |
| 14:28 | Create | Villager (Male) |
| 14:37 | Build | Stone Wall |
| 14:41 | Create | Villager (Male) |
| 14:55 | Build | Stone Wall |
| 15:02 | Build | Stone Wall |
| 15:07 | Build | Gate |
| 15:18 | Build | House |
| 15:22 | Build | House |
| 15:34 | Build | House |
| 15:36 | Build | House |
| 15:41 | Build | House |
| 15:44 | Build | House |
| 16:23 | Build | Barracks |
| 17:00 | Create | Villager (Male) |
| 17:01 | Create | Villager (Male) |
| 17:01 | Create | Villager (Male) |
| 17:01 | Create | Villager (Male) |
| 17:02 | Create | Villager (Male) |
| 17:02 | Create | Villager (Male) |
| 17:02 | Create | Villager (Male) |
| 17:45 | Create | Villager (Male) |
| 17:45 | Create | Villager (Male) |
| 18:10 | Build | Market |
| 19:01 | Build | Lumber Camp |
| 19:07 | Create | Villager (Male) |
| 19:07 | Create | Villager (Male) |
| 25:47 | Build | Town Center |
| 26:52 | Create | Villager (Male) |
| 26:53 | Create | Villager (Male) |
| 26:53 | Create | Villager (Male) |
| 26:53 | Create | Villager (Male) |
| 26:54 | Create | Villager (Male) |
| 26:54 | Create | Villager (Male) |
| 26:54 | Create | Villager (Male) |
| 26:56 | Create | Villager (Male) |
| 26:56 | Create | Villager (Male) |
| 26:56 | Create | Villager (Male) |
| 27:26 | Create | Fishing Ship |
| 27:27 | Create | Fishing Ship |
| 27:48 | Create | Villager (Male) |
| 27:49 | Create | Villager (Male) |
| 28:59 | Build | Blacksmith |
| 29:00 | Create | Villager (Male) |
| 29:00 | Create | Villager (Male) |
| 29:01 | Create | Villager (Male) |
| 29:16 | Create | Fishing Ship |
| 29:17 | Create | Fishing Ship |
| 29:20 | Create | Villager (Male) |
| 29:20 | Create | Villager (Male) |
| 29:34 | Build | Farm |
| 29:56 | Create | Villager (Male) |
| 29:57 | Create | Villager (Male) |
| 30:03 | Build | Farm |
| 30:23 | Create | Villager (Male) |
| 30:24 | Build | Farm |
| 30:47 | Build | Farm |
| 30:49 | Create | Villager (Male) |
| 31:17 | Create | Villager (Male) |
| 31:17 | Create | Villager (Male) |
| 31:33 | Build | Mill |
| 31:35 | Create | Villager (Male) |
| 31:35 | Create | Villager (Male) |
| 32:01 | Create | Villager (Male) |
Match timeline
| 0:58 | 老狐狸 · first_building Dock |
| 1:01 | 860 · first_building Dock |
| 1:12 | 860 · wall_segment Palisade Wall x1 |
| 1:13 | Sasori · wall_segment Palisade Wall x1 |
| 1:14 | 860 · wall_segment Palisade Wall x1 |
| 1:28 | _Suko_ · first_building Dock |
| 1:36 | Pr3dator · first_building Dock |
| 1:45 | taj · first_building Dock |
| 1:48 | xianhuoyan · first_building Dock |
| 2:00 | Sasori · first_building Dock |
| 2:22 | 860 · wall_segment Palisade Wall x1 |
| 10:00 | marsupoil3232 · first_building Dock |
| 10:21 | Pr3dator · wall_segment Palisade Wall x4 |
| 10:33 | Sasori · wall_segment Palisade Wall x1 |
| 10:52 | 老狐狸 · age_up feudal |
| 11:30 | xianhuoyan · wall_segment Palisade Wall x3 |
| 11:50 | Pr3dator · wall_segment Palisade Wall x1 |
| 12:55 | xianhuoyan · wall_segment Palisade Wall x17 |
| 13:27 | _Suko_ · age_up feudal |
| 13:39 | xianhuoyan · wall_segment Palisade Wall x10 |
| 14:15 | marsupoil3232 · first_building Barracks |
| 14:16 | xianhuoyan · wall_segment Palisade Wall x1 |
| 14:18 | marsupoil3232 · wall_segment Palisade Wall x1 |
| 14:20 | xianhuoyan · age_up feudal |
| 14:27 | taj · age_up feudal |
| 14:37 | xianhuoyan · wall_segment Stone Wall x11 |
| 14:38 | Pr3dator · age_up feudal |
| 14:55 | xianhuoyan · wall_segment Stone Wall x10 |
| 15:02 | xianhuoyan · wall_segment Stone Wall x14 |
| 15:21 | marsupoil3232 · age_up feudal |
| 15:34 | taj · first_market_sell 100 food |
| 16:17 | marsupoil3232 · first_building Stable |
| 16:23 | xianhuoyan · first_building Barracks |
| 16:50 | Sasori · wall_segment Palisade Wall x1 |
| 16:52 | Sasori · wall_segment Palisade Wall x1 |
| 17:28 | _Suko_ · age_up castle |
| 17:38 | 860 · first_building Barracks |
| 18:12 | 860 · age_up feudal |
| 18:15 | taj · age_up castle |
| 18:18 | _Suko_ · first_building Castle |
| 18:43 | taj · first_market_buy 100 stone |
| 18:55 | 860 · first_building Stable |
| 18:56 | xianhuoyan · first_market_buy 100 wood |
| 18:56 | marsupoil3232 · wall_segment Palisade Wall x9 |
| 19:00 | 860 · wall_segment Palisade Wall x1 |
| 19:21 | taj · first_building Castle |
| 20:01 | marsupoil3232 · age_up castle |
| 20:14 | 老狐狸 · age_up castle |
| 20:45 | 老狐狸 · first_market_buy 100 wood |
| 21:23 | Pr3dator · first_market_sell 100 wood |
| 21:24 | Pr3dator · first_market_buy 100 food |
| 21:30 | taj · tribute_sent a jugador 1 |
| 21:30 | taj · tribute_sent a jugador 2 |
| 21:30 | taj · tribute_sent a jugador 3 |
| 21:30 | taj · tribute_sent a jugador 5 |
| 21:30 | taj · tribute_sent a jugador 6 |
| 21:30 | taj · tribute_sent a jugador 7 |
| 21:30 | taj · tribute_sent a jugador 8 |
| 22:00 | marsupoil3232 · first_building Castle |
| 22:34 | 老狐狸 · first_market_sell 100 food |
| 22:40 | 860 · age_up castle |
| 23:19 | 老狐狸 · first_building Monastery |
| 23:52 | 860 · first_building Castle |
| 24:06 | 860 · first_building Siege Workshop |
| 24:10 | Pr3dator · age_up castle |
| 24:12 | _Suko_ · first_building Barracks |
| 24:15 | taj · tribute_sent a jugador 1 |
| 24:15 | taj · tribute_sent a jugador 2 |
| 24:15 | taj · tribute_sent a jugador 3 |
| 24:15 | taj · tribute_sent a jugador 5 |
| 24:15 | taj · tribute_sent a jugador 6 |
| 24:15 | taj · tribute_sent a jugador 7 |
| 24:15 | taj · tribute_sent a jugador 8 |
| 25:35 | marsupoil3232 · wall_segment Palisade Wall x4 |
| 25:42 | 860 · wall_segment Stone Wall x5 |
| 25:56 | _Suko_ · first_building Stable |
| 27:19 | marsupoil3232 · first_market_sell 100 wood |
| 27:46 | marsupoil3232 · first_building Monastery |
| 28:51 | Pr3dator · first_building Monastery |
| 29:09 | taj · first_building Barracks |
| 30:02 | marsupoil3232 · age_up imperial |
| 30:49 | 老狐狸 · first_building Barracks |
| 31:10 | 老狐狸 · first_building Castle |
| 31:28 | Pr3dator · first_building Castle |
| 32:01 | 860 · first_market_sell 100 wood |
| 32:32 | 老狐狸 · first_building Stable |
| 32:44 | 老狐狸 · age_up imperial |
| 34:11 | taj · first_building Siege Workshop |
| 35:35 | Pr3dator · first_building Barracks |
| 36:26 | 860 · first_market_buy 100 wood |
| 36:39 | _Suko_ · age_up imperial |
| 37:06 | xianhuoyan · age_up castle |
| 37:20 | Pr3dator · age_up imperial |
| 37:41 | Pr3dator · first_building Siege Workshop |
| 40:26 | xianhuoyan · first_building Castle |
| 42:37 | xianhuoyan · first_building Siege Workshop |
| 43:00 | marsupoil3232 · resign |
| 44:12 | taj · age_up imperial |
[ AI ANALYSIS · 1 CREDIT ]
What really happened in this match?
Wolo.gg analyzes every decision: build order, eco, micro, common mistakes by bracket. Personalized analysis on WhatsApp or Discord in 30 seconds.
Civ guide
Hindustanis
Perfil
Jugador #3249936